Unix NetHack Version 5.0.0-0 post-release - last build Jun 10 2026 00:39:30 (3ee93aec679c4c4259841fe613dc97188e26a321,branch:main).

Game began 2026-06-22 16:33:07, ended 2026-06-22 17:03:49.

Drastanta, lawful male human Priest

                                          @----
                                     h    ....|               ----
                                    h  o   ...|r             --..--
                                           ...+    @        --....|
                          @                 ..|            --.....|
                                  @        |..----         |.....--
                         d                 ..h...        ---...---
             G      h                 G----|....         |.....---
                       G               |(((|...-   ---  --.<.....----
                                       |@((|...+  --.-- |.).).).....--
                                        ...|.h.|  |...| --.....--....|
                                      Y--|--.q.----...-- ---...||-..--
                                       |......q.|...)..|   |.---|...|
                           @     |. ----.....#.G|..)--.-----.|  |...|
                                 |..G@....{....-|.).-|..|....|  |..--
           @   @  h            -.......#@...|f)--.q).|-.|.----  ----
                             .......h......-|..q....--|....|
                            ------k|.--------------.| ---.--
                                 - .-             ---   ---
Drastanta the Acolyte        St:15 Dx:12 Co:14 In:8 Wi:18 Ch:9  Lawful
Dlvl:5  $:18 HP:0(34) Pw:53(62) AC:7  Xp:5 T:1408 

Latest messages:
 The gnome hits!
 Your kitten eats a gnome corpse.
 You kill the gnome!
 You see here 3 darts.
 Pick a monster, object or location.
 Move cursor to a monster, object or location:
 A giant rat suddenly appears!
 You hear crashing rock.
 You hear a door open.
 You hear someone cursing shoplifters.
 You hear some noises.
 A rothe suddenly appears!
 A rothe suddenly appears!
 A rothe suddenly appears!
 A rothe suddenly appears!
 You swap places with your kitten.
 The gnome lord throws 2 daggers!
 The 1st dagger hits the gnome lord.
 The 2nd dagger hits the gnome lord.
 The gnome lord hits!
 You kill the gnome lord!
 The gnome lord throws 2 daggers!
 The dagger slips as the gnome lord throws it!
 You are hit by the 2nd dagger.
 You see here 2 cursed daggers.
 The gnome lord wields a cursed dagger!
 The dagger welds itself to the gnome lord's hand!
 You hit the gnome lord!
 You kill the gnome lord!
 u - a scroll labeled LEP GEX VEN ZEA.
 A monkey suddenly appears!
 You see here 2 cursed daggers.
 You hit the gnome.
 You kill the gnome!
 You see here 10 darts.
 You kill the gnome!
 You hear a chugging sound.
 You hear some noises in the distance.
 You swap places with the peaceful kobold.
 You hit the gnome lord.
 The gnome lord hits!
 You hit the gnome lord!
 The kitten bites the gnome.
 The gnome lord hits!
 You miss the gnome lord.
 The gnome lord hits!
 You hit the gnome lord!
 The gnome lord hits!
 You die...
 Do you want your possessions identified? [ynq] (y) q

Inventory:
 Coins    ('$')
  $ - 18 gold pieces
 Weapons  (')')
  a - a blessed +1 mace (weapon in right hand)
 Armor    ('[')
  c - a +0 small shield (being worn)
  b - a +0 robe (being worn)
 Comestibles  ('%')
  e - a clove of garlic
  r - a food ration
  q - a partly eaten food ration
  f - 2 sprigs of wolfsbane
 Scrolls  ('?')
  k - a scroll of destroy armor
  l - a scroll of identify
  j - a cursed scroll of identify
  u - a scroll of teleportation
 Spellbooks  ('+')
  h - a blessed spellbook of extra healing
  g - a spellbook of light
 Potions  ('!')
  o - a potion of enlightenment
  t - a cursed potion of levitation
  d - 4 potions of holy water
 Tools    ('(')
  n - a cursed lock pick
  i - a magic marker (0:21)

Drastanta the Priest's attributes:

Background:
 You were an Acolyte, a level 5 human Priest.
 You were lawful, on a mission for Anu
 who was opposed by Ishtar (neutral) and Anshar (chaotic).
 You were right-handed.
 You were in the Gnomish Mines, on level 5.
 You entered the dungeon 1408 turns ago.
 You had 211 experience points, 109 more were needed to attain level 6.

Basics:
 You had 0 out of 34 hit points.
 You had 53 out of 62 energy points (spell power).
 Your armor class was 7.
 Your wallet contained 18 zorkmids.
 Autopickup was on for '$' plus thrown.

Final Characteristics:
 Your strength was 15 (limit:18/100).
 Your dexterity was 12 (limit:18).
 Your constitution was 14 (limit:18).
 Your intelligence was 8 (limit:18).
 Your wisdom was 18 (limit:18).
 Your charisma was 9 (limit:18).

Final Status:
 You weren't hungry.
 You were unencumbered.
 You were wielding a mace.
 You had basic skill with mace.

Final Attributes:
 You were devoutly aligned.
 You were sensing the presence of monsters.
 You were guarded.
 Your spell casting was enhanced by wearing a robe.
 You are dead.

Miscellaneous:
 You didn't encounter any bones levels.
 Total elapsed playing time was 30 minutes and 42 seconds.

Major events:
 Turn
    1: Drastanta the lawful human Priest entered the dungeon
  586: entered the Gnomish Mines
  671: attained the rank of Acolyte (level 3)
 1241: reached Mine Town
 1408: killed by a gnome lord

Spells:
 Name                 Level Category     Fail Retention
 light                  1   clerical       0%  91%-100%
 extra healing          3   healing       70%  76%-100%

Skills:
 Fighting Skills
   bare handed combat [Unskilled]
 Weapon Skills
   club               [Unskilled]
   mace               [Basic]
   morning star       [Unskilled]
   flail              [Unskilled]
   hammer             [Unskilled]
   quarterstaff       [Unskilled]
   polearms           [Unskilled]
   spear              [Unskilled]
   trident            [Unskilled]
   lance              [Unskilled]
   bow                [Unskilled]
   sling              [Unskilled]
   crossbow           [Unskilled]
   dart               [Unskilled]
   shuriken           [Unskilled]
   boomerang          [Unskilled]
   unicorn horn       [Unskilled]
 Spellcasting Skills
   healing spells     [Unskilled]
   divination spells  [Unskilled]
   clerical spells    [Basic]

Voluntary challenges:
 Character rerolling was not enabled.
 You never genocided any monsters.
 You never polymorphed an object.
 You never changed form.
 You used no wishes.
Achievements:
 You entered the Gnomish Mines.
 You attained the rank of Acolyte.
 You entered Minetown.

 The Dungeons of Doom: levels 1 to 2
    Level 1:
       A fountain.
    Level 2:
       Stairs down to The Gnomish Mines.
 The Gnomish Mines: levels 3 to 5
    Level 3:
    Level 4:
    Level 5: <- You were here.
       A fountain, some trees.
       Final resting place for
          you, killed by a gnome lord.


Vanquished creatures:
  5 gnome leaders
 an iguana
  a hobgoblin
  a giant rat
  a red mold
 20 gnomes
  a gecko
  7 jackals
  a fox
  2 kobolds
  a goblin
  4 grid bugs
  2 newts
47 creatures vanquished.

No species were genocided or became extinct.

Game over:
                       ----------
                      /          \
                     /    REST    \
                    /      IN      \
                   /     PEACE      \
                  /                  \
                  |    Drastanta     |
                  |      18 Au       |
                  |   killed by a    |
                  |    gnome lord    |
                  |                  |
                  |                  |
                  |       2026       |
                 *|     *  *  *      | *
        _________)/\\_//(\/(/\)/\//\/|_)_______

Goodbye Drastanta the Priest...

You died in The Gnomish Mines on dungeon level 5 with 1081 points,
and 18 pieces of gold, after 1408 moves.
You were level 5 with a maximum of 34 hit points when you died.

